 Dungeon Crawl Stone Soup version 0.30.0-5-g1a98f26d00 (webtiles) character file.

Game seed: 4730641469119825158

1 sampeng1 the Chiller (level 1, -1/13 HPs)
             Began as a Human Ice Elementalist on May 9, 2023.
             Slain by a gnoll
             ... wielding a +0 flail
              (6 damage)
             ... on level 1 of the Dungeon.
             The game lasted 00:00:17 (30 turns).

sampeng1 the Chiller (Human Ice Elementalist)         Turns: 30, Time: 00:00:17

Health: -1/13      AC:  2    Str:  8    XL:     1   Next: 22%
Magic:  2/3        EV: 12    Int: 15    God:
Gold:   0          SH:  0    Dex: 13    Spells: 3/4 levels left

rFire   . . .        (no weapon)
rCold   . . .        (no shield)
rNeg    . . .        a - +0 robe
rPois   .            (no helmet)
rElec   .            (no cloak)
rCorr   .            (no gloves)
SInv    .            (no boots)
Will    .....        (no amulet)
Stlth   ++           (no ring)
HPRegen 0.22/turn    (no ring)
MPRegen 0.08/turn

%: no passive effects
@: no status effects
A: no striking features
a: no special abilities


You were on level 1 of the Dungeon.
You visited 1 branch of the dungeon, and saw 1 of its levels.

Inventory:

Armour
 a - a +0 robe (worn)
Potions
 b - a potion of magic


   Skills:
 + Level 2.0 Dodging
 + Level 2.0 Stealth
 + Level 2.0 Spellcasting
 + Level 4.0 Ice Magic


You had 3 spell levels left.
You knew the following spells:

 Your Spells              Type           Power      Damage    Failure   Level
a - Freeze                Ice            52%        1d6       4%          1

Your spell library contained the following spells:

 Spells                   Type           Power      Damage    Failure   Level
 Frozen Ramparts          Ice            26%        1d4       13%         3
 Ozocubu's Armour         Ice            13%        N/A       13%         3
 Summon Ice Beast         Ice/Summ       7%         N/A       67%         4


Dungeon Overview and Level Annotations

Branches:
Dungeon (1/15)

Altars:


Message History

The giant cockroach is heavily wounded.
The giant cockroach completely misses you.
You barely miss the giant cockroach.
The giant cockroach is heavily wounded.
The giant cockroach bites you. x2
You hit the giant cockroach but do no damage.
The giant cockroach is heavily wounded.
The giant cockroach bites you.
Casting: Freeze (safe; 4% risk of failure)
Confirm with . or Enter, or press ? or * to list all spells.
Aiming: Freeze (safe; 4% risk of failure)
Press: ? - help, Shift-Dir - straight line, f/p - giant cockroach
Aim: a giant cockroach (heavily wounded)
You freeze the giant cockroach.
You kill the giant cockroach!
You see here a giant cockroach corpse.
Found a scratched brass ring.
A gnoll, a kobold and a bat come into view.
A hobgoblin comes into view.
Found a scroll labelled TEKHEO CIYPSY.
The hobgoblin shouts!
The gnoll shouts!
The kobold shouts!
A ball python comes into view.
The bat closely misses you.
The hobgoblin hits the plant.
The plant begins to die.
The kobold throws a stone.
The stone hits you.
A rat comes into view.
The bat completely misses you.
You closely miss the bat. The bat hits you. The bat misses you.
The bat hits you but does no damage. The gnoll attacks as you move away!
The gnoll closely misses you.
The ball python hisses angrily.
The bat misses you. The bat hits you but does no damage.
You closely miss the bat. The bat hits you but does no damage.
The gnoll hits you with a +0 flail. The bat misses you.
The kobold attacks as you move away! The kobold barely misses you.
You see here a giant cockroach corpse.
The kobold attacks as you move away! The kobold barely misses you.
The gnoll attacks as you move away! The gnoll hits you with a +0 flail.
You die...

#..#?.....P.# .#
#..#...P...8#..# .
#..#..P...P.#..# ..
#..#.....g..#..#...
#..#..P............
#'##8..........=...
##..#######.........
#....#...gg.r.......
#<...'..@KbS....♣♣♣♣
##..#######...♣♣♣
#### ♣♣♣♣♣


You could see a gnoll, a hobgoblin, a bat, a ball python, a kobold and a rat.

Vanquished Creatures
  A giant cockroach (D:1)
1 creature vanquished.

Notes
Turn   | Place    | Note
-------+----------+-------------------------------------------
     0 | D:1      | sampeng1 the Human Ice Elementalist began the quest for the
                  | Orb.
     0 | D:1      | Reached XP level 1. HP: 13/13 MP: 3/3
    30 | D:1      | Slain by a gnoll

Illustrated notes

Levels and vault maps discovered:
D:1:      sevenhm_arrival_forest_fort_large_4, layout_loops_ring, serial_shops,
          shop, item_on_display_a

Action                     || total
---------------------------++-------
  Melee: Unarmed           ||     5
   Cast: Freeze            ||     2
 Armour: Robe              ||     3
  Dodge: Dodged            ||    11
